 Dungeon Crawl Stone Soup version 0.17-a0-2069-g0f4ee5b (webtiles) character file.

112 Shim the Charmwright (level 4, -3/30 HPs)
             Began as a High Elf Skald on Oct 13, 2015.
             Killed from afar by Natasha (7 damage)
             ... with a magic dart
             ... on level 2 of the Dungeon.
             The game lasted 00:11:27 (2571 turns).

Shim the Charmwright (High Elf Skald)               Turns: 2571, Time: 00:11:27

Health: -3/30      AC:  4    Str: 11    XL:     4   Next: 64%
Magic:  3/9        EV: 12    Int: 16    God:
Gold:   94         SH:  0    Dex: 15    Spells: 3 memorised, 3 levels left

rFire  . . .     SeeInvis .     a - +0 short sword
rCold  . . .     Clarity  .     b - +0 leather armour
rNeg   . . .     SustAt   .     (no shield)
rPois  .         Gourm    .     i - +0 helmet (curse)
rElec  .         Spirit   .     (no cloak)
rCorr  .         Warding  .     (no gloves)
rMut   .         Stasis   .     (no boots)
MR     .....                    (no amulet)
Stlth  ++........               (no ring)
                                j - ring of stealth

@: very slightly contaminated, slowed, very slow, not resistant to hostile
enchantments, unstealthy
A: no striking features
a: no special abilities


You were on level 2 of the Dungeon.
You were not hungry.

You visited 1 branch of the dungeon, and saw 2 of its levels.

You collected 94 gold pieces.

Inventory:

Hand Weapons
 a - a +0 short sword (weapon)
Armour
 b - a +0 leather armour (worn)
 i - a cursed +0 helmet (worn)
Jewellery
 j - a ring of stealth (left hand)
 n - a +3 ring of evasion {unknown}
Scrolls
 e - 7 scrolls of identify {unknown}
 f - 4 scrolls of remove curse {unknown}
 g - a scroll of teleportation {unknown}
Potions
 l - a potion of invisibility {unknown}
 m - a potion of curing {unknown}
Books
 c - a book of Battle

   Spells                             Type                      Level
   a - Infusion                       Charms                       1
   b - Shroud of Golubria             Charms/Translocation         2
   c - Song of Slaying                Charms                       2
   d - Spectral Weapon                Hexes/Charms                 3
   e - Regeneration                   Charms/Necromancy            3
Comestibles
 d - 3 bread rations
 h - 3 chunks of flesh
 k - a meat ration


   Skills:
 + Level 2.4 Fighting
 + Level 2.8 Short Blades
 + Level 2.0 Armour
 + Level 2.2 Dodging
 + Level 0.5 Stealth
 + Level 3.1 Spellcasting
 + Level 4.2 Charms


You had 3 spell levels left.
You knew the following spells:

 Your Spells              Type           Power        Failure   Level  Hunger
a - Infusion              Chrm           ###...       4%          1    None
b - Regeneration          Chrm/Necr      #.........   34%         3    ###....
c - Shroud of Golubria    Chrm/Tloc      #.........   17%         2    ##.....


Dungeon Overview and Level Annotations

Branches:
Dungeon (2/15)

Altars:
Nemelex Xobeh
Trog
Xom

Annotations:
D:2 Natasha


Message History

Natasha is moderately wounded.
Natasha casts a spell at you.
You feel yourself slow down. The iron imp closely misses you.
Natasha casts a spell.
The iron imp hits you!
Your shroud falls apart!
The crimson imp blinks!
Things that are here:
a club; a leather armour Natasha extends her claws.
Things that are here:
a dagger; 4 stones Natasha claws you.
The iron imp hits you!
* * * LOW HITPOINT WARNING * * *
Natasha casts a spell at you. You resist with some effort.
Natasha stares at you and mumbles some strange words.
The magic dart hits you!
You die...

#. #. #.# ##'##
##...## . ##.....##
#..###.......## .
#.............####...#
#...+.........@.......
#.........5.h.####...#
#........)5.5## #
.#..........# #
#._..8.._..#
'.#.........##
...........##
.###.......#
####.....##


You could see an iron imp, Natasha, a crimson imp and a shadow imp.

Vanquished Creatures
  Natasha (D:2)
  4 gnolls
  An ooze (D:1)
  3 giant geckos (D:1)
  2 ball pythons
  4 giant cockroaches
  6 hobgoblins
  6 kobolds
  4 bats
  5 goblins
  8 rats
44 creatures vanquished.

Notes
Turn   | Place    | Note
--------------------------------------------------------------
     0 | D:1      | Shim the High Elf Skald began the quest for the Orb.
     0 | D:1      | Reached XP level 1. HP: 14/14 MP: 4/4
   433 | D:1      | Reached XP level 2. HP: 12/19 MP: 3/6
   712 | D:1      | Reached skill level 1 in Armour
   757 | D:1      | Reached skill level 4 in Charms
  1483 | D:2      | Reached XP level 3. HP: 24/24 MP: 8/8
  1488 | D:2      | Learned a level 3 spell: Regeneration
  1579 | D:2      | Found a bloodstained altar of Trog.
  1718 | D:2      | Learned a level 2 spell: Shroud of Golubria
  2113 | D:1      | Reached XP level 4. HP: 20/29 MP: 4/9
  2317 | D:2      | Noticed Natasha
  2347 | D:2      | Killed Natasha
  2518 | D:2      | Found a sparkling altar of Nemelex Xobeh.
  2520 | D:2      | Found a shimmering altar of Xom.
  2544 | D:2      | Noticed Natasha
  2571 | D:2      | Killed from afar by Natasha

Vault maps used:
D:1:      grunt_arrival_crossed_arrows
D:2:      nicolae_overflow_hidden_temple, grunt_temple_overflow_open,
          first_bread, minivault_11, minmay_misc_feat_doors, uniq_natasha

Action                   |  1- 3 |  4- 6 || total
-------------------------+-------+-------++-------
Melee: Short sword       |   153 |    37 ||   190
 Cast: Infusion          |     7 |     3 ||    10
       Shroud of Golubri |     3 |     6 ||     9
       Regeneration      |     1 |       ||     1
 Stab: Sleeping          |     1 |     1 ||     2
  Eat: Chunk             |     4 |     2 ||     6
